 Dungeon Crawl Stone Soup version 0.20-a0-949-g916514f (webtiles) character file.

64759 Rrauwl the Severer (level 15, -5/99 HPs)
             Began as a Halfling Fighter on Apr 4, 2017.
             Was the Champion of Nemelex Xobeh.
             Slain by MirrMurr's ghost (32 damage)
             ... on level 13 of the Dungeon.
             The game lasted 02:26:11 (22654 turns).

Rrauwl the Severer (Halfling Fighter)              Turns: 22654, Time: 02:26:12

Health: -5/99      AC: 23    Str: 22    XL:     15   Next: 55%
Magic:  20/21      EV: 11    Int:  1    God:    Nemelex Xobeh [******]
Gold:   1284       SH: 15    Dex: 18    Spells: 14/14 levels left

rFire    + + +     SeeInvis +   a - +7 war axe (drain)
rCold    + + +     Gourm    .   c - +0 shield
rNeg     . . .     Faith    .   w - +2 chain mail {rC+}
rPois    .         Spirit   .   k - +1 helmet
rElec    .         Reflect  +   R - +0 cloak
rCorr    +         Harm     .   r - +1 pair of gloves
MR       +....                  s - +2 pair of boots
Stlth    ..........             y - +3 amulet of reflection
Regen    0.3/turn               M - ring of protection from fire
MPRegen  0.2/turn               n - ring "Irghatu" {rCorr rF+ rC++ Int-5 SInv}

@: very slightly contaminated, heavily drained
A: rugged brown scales 1, thin skeletal structure 1, fire resistance 1, mutation
resistance 2
a: Triple Draw, Deal Four, Stack Five, Renounce Religion


You were on level 13 of the Dungeon.
You worshipped Nemelex Xobeh.
Nemelex Xobeh was exalted by your worship.
You were very full.

You visited 4 branches of the dungeon, and saw 21 of its levels.

You collected 1542 gold pieces.
You spent 258 gold pieces at shops.

Inventory:

Hand Weapons
 a - a +7 war axe of draining (weapon)
 b - the +9 flail "Toeret" {venom, +Fly rElec}
   (You found it on level 10 of the Dungeon)

   It poisons the flesh of those it strikes.
   It insulates you from electricity.
   It lets you fly.
 h - a +0 fustibalus
Missiles
 e - 92 sling bullets
Armour
 c - a +0 shield (worn)
 k - a +1 helmet (worn)
 r - a +1 pair of gloves (worn)
 s - a +2 pair of boots (worn)
 w - a +2 chain mail of cold resistance (worn)
 R - a +0 cloak (worn)
Jewellery
 n - the ring "Irghatu" (right hand) {rCorr rF+ rC++ Int-5 SInv}
   (You found it on level 5 of the Lair of Beasts)

   [ring of resist corrosion]

   It affects your intelligence (-5).
   It protects you from fire.
   It greatly protects you from cold.
   It lets you see invisible.
 y - a +3 amulet of reflection (around neck)
 M - a ring of protection from fire (left hand)
Wands
 i - a wand of digging (14/24)
 B - a wand of lightning (3/15)
 I - a wand of scattershot (0/9)
 J - a wand of polymorph (19/24)
 K - a wand of paralysis (8/24)
 U - a wand of enslavement (11/24)
Scrolls
 l - a scroll of fear
 m - 6 scrolls of teleportation
 o - 5 scrolls of identify
 F - a scroll of magic mapping
 P - 7 scrolls of remove curse
Potions
 g - 3 potions of resistance
 q - 2 potions of invisibility
 t - a potion of might
 v - a potion of haste
 C - a potion of curing
 X - a potion of cancellation
 Z - a potion of heal wounds
Books
 p - the Volume of Sand
   (You found it on level 13 of the Dungeon)

   Spells                             Type                      Level
   a - Animate Skeleton               Necromancy                   1
   b - Bolt of Draining               Conjuration/Necromancy       5
 x - the Handbook of Dhcmrlchtdj
   (You found it on level 13 of the Dungeon)

   Spells                             Type                      Level
   a - Statue Form                    Transmutation/Earth          6
   b - Hydra Form                     Transmutation                6
 z - the Catalogue of Axaxaxas mlö
   (You found it on level 13 of the Dungeon)

   Spells                             Type                      Level
   a - Control Undead                 Necromancy                   4
   b - Venom Bolt                     Conjuration/Poison           5
Miscellaneous
 d - an ornate deck of escape {drawn: 3}
 u - a legendary deck of escape {drawn: 3}
 N - a fan of gales
 T - a legendary deck of destruction
 V - a legendary deck of destruction {drawn: 8}
Comestibles
 A - 12 fruits
 D - 3 royal jellies
 E - a bread ration


   Skills:
 - Level 7.0(4.7) Fighting
 + Level 17.5(14.5) Axes
 + Level 2.4(0.4) Slings
 + Level 10.7(8.1) Armour
 - Level 7.0(4.6) Dodging
 + Level 10.3(7.8) Shields
 - Level 9.0(6.5) Invocations
 - Level 6.0(3.7) Evocations


You had 14 spell levels left.
You didn't know any spells.

Dungeon Overview and Level Annotations

Branches:
Dungeon (13/15)            Temple (1/1) D:6            Lair (6/6) D:8
 Shoals (0/4) Lair:4        Snake (1/4) Lair:4        Slime (0/5) Lair:5
    Orc (0/2) D:12
 Vaults: D:13-14

Altars:
Ashenzari
Cheibriados
Dithmenos
Elyvilon
Fedhas
Gozag
Hepliaklqana
Kikubaaqudgha
Makhleb
Nemelex Xobeh
Okawaru
Qazlal
Ru
Sif Muna
Trog
Uskayaw
Vehumet
Wu Jian
Xom
Yredelemnul
Zin
The Shining One
Jiyva

Shops:
D:5 =   D:9 *

Annotations:
D:9 1 runed door
D:13 MirrMurr's ghost, legendary GrFi


Innate Abilities, Weirdness & Mutations

You are small and have problems with some larger weapons.
You are somewhat resistant to both further mutation and mutation removal.
You are partially covered in rugged brown scales. (AC +1, +3% HP)
You have a somewhat thin skeletal structure. (Dex +2, Stealth)
Your flesh is heat resistant. (rF+)


Message History

The bolt of lightning misses MirrMurr's ghost.
This wand has 3 charges left.
Evoke which item? (* to show all) (? for menu, Esc to quit)
Aiming: Scattershot
Press: ? - help, Shift-Dir - straight line, f - MirrMurr's ghost
Aim: MirrMurr's ghost, wielding a weapon of draining (almost destroyed)
The burst of metal fragments hits MirrMurr's ghost. x3
MirrMurr's ghost is almost destroyed.
This wand has 1 charge left.
MirrMurr's ghost hits you but does no damage.
You feel drained.
Evoke which item? (* to show all) (? for menu, Esc to quit)
Aiming: Scattershot
Press: ? - help, Shift-Dir - straight line, f/p - MirrMurr's ghost
Aim: MirrMurr's ghost, wielding a weapon of draining (almost destroyed)
The burst of metal fragments hits MirrMurr's ghost. x4
MirrMurr's ghost is almost destroyed.
This wand has 0 charges left.
MirrMurr's ghost hits you!!
You die...
Your body disappears without a glow.

###########################
...........................
#............##......(.....
.............##.....###.l..
....###.###.....###.### .c.
...##.....##...##..)..## .(
## ##......@#####.......## .
..##........W#'#.........###
......^>....)....).<^......
###....^....#'#....^....##.
##.......#####.......##
###..)).##.####.....##
+.###)###.....###.####
#.............z......#
#..............E)....#


You could see MirrMurr's ghost.

Vanquished Creatures
  The ghost of valenzione the Impaler, a journeyman MiFi of Makhleb (D:13)
  A spark wasp (Lair:6)
  A hydra (D:11)
  A centaur warrior (D:13)
  3 two-headed ogres
  4 death yaks (Lair:6)
  An unseen horror (D:12)
  A skeletal warrior (D:12)
  5 deep elf magi
  3 ugly things
  2 manticores (D:12)
  A merfolk siren (Lair:4)
  2 elephants (Lair:6)
  A black mamba (Lair:4)
  A torpor snail (Lair:6)
  Psyche (D:8)
  7 spiny frogs
  3 rime drakes
  4 trolls
  3 polar bears
  A queen bee (Lair:4)
  7 hippogriffs
  6 blink frogs
  A tyrant leech (Lair:6)
  3 hornets (Lair:4)
  Grinder (D:6)
  2 redbacks (Lair:6)
  43 yaks
  4 wyverns
  17 spriggans
  A shadow (D:12)
  A hungry ghost (D:11)
  A hog (Lair:4)
  7 basilisks
  A soldier ant (D:8)
  A floating eye (Lair:5)
  6 porcupines
  12 water moccasins
  4 slaves (D:7)
  5 sky beasts
  5 orc warriors
  8 black bears
  3 ice beasts (D:10)
  7 boggarts
  An eye of draining (D:9)
  A phantom (D:10)
  24 wolves
  2 ogres
  A tengu (Lair:6)
  7 centaurs
  13 crocodiles
  17 bullfrogs
  A water moccasin skeleton (D:11)
  4 scorpions
  11 killer bees
  3 wights (D:13)
  7 electric eels
  A howler monkey (D:12)
  4 crimson imps
  A jelly (D:5)
  A quasit (D:9)
  A bullfrog skeleton (D:12)
  4 hounds
  5 orc priests
  9 orc wizards
  2 centaur skeletons
  3 iguanas
  Natasha (D:2)
  8 worker ants
  5 gnolls
  A howler monkey skeleton (D:5)
  14 adders
  3 river rats (D:8)
  3 shadow imps
  An ooze (Lair:6)
  An adder skeleton (D:5)
  2 adder zombies
  5 worms
  4 dart slugs
  3 leopard geckos
  48 orcs
  2 ball pythons
  5 giant cockroaches
  11 goblins
  7 hobgoblins
  16 jackals
  3 quokkas
  7 bats
  9 frilled lizards
  A jackal zombie (D:7)
  7 kobolds
  2 leopard gecko skeletons
  A leopard gecko zombie (D:8)
  A quokka skeleton (D:8)
  12 rats
  2 bushes (D:1)
  7 fungi
  4 plants
512 creatures vanquished.

Vanquished Creatures (collateral kills)
  Rupert (Lair:4)
  Fannar (D:10)
  5 hydras
  The ghost of tilp the Cleaver, a journeyman MiBe of Trog (D:9)
  A naga warrior (Snake:1)
  Erica (Lair:1)
  An anaconda (Snake:1)
  4 two-headed ogres
  11 death yaks
  2 shock serpents (Snake:1)
  8 skeletal warriors
  A glowing orange brain (Lair:6)
  An orange crystal statue (D:9)
  Pikel (D:7)
  A salamander (Snake:1)
  2 oklob plants
  2 naga magi (Snake:1)
  2 spiny frogs (Lair:6)
  A komodo dragon (Lair:1)
  A troll (D:10)
  3 hornets (Lair:6)
  A polar bear (D:7)
  A blink frog (Lair:1)
  A hippogriff (Lair:6)
  2 spriggans (Lair:6)
  6 yaks
  2 basilisks
  Menkaure (D:6)
  A naga (Snake:1)
  2 porcupines
  3 ogres
  A hornet zombie (D:6)
  2 centaurs
  9 wolves
  The ghost of Isola the Slasher, an amateur TeGl (D:3)
  A bullfrog (D:6)
  Blork the orc (D:6)
  A scorpion (D:7)
  2 killer bees (D:9)
  A wight (D:13)
  An electric eel (Lair:1)
  2 hounds (D:6)
  2 jellies
  2 orc priests (D:12)
  A centaur skeleton (D:10)
  An iguana (D:10)
  3 orc wizards
  3 hell rats (D:8)
  A worker ant (D:7)
  2 gnolls (D:7)
  An adder (D:12)
  A shadow imp (D:10)
  A leopard gecko (D:6)
  5 orcs
  A jackal (D:8)
  4 bushes (Lair:5)
121 creatures vanquished.

Vanquished Creatures (others)
  A blink frog (Lair:3)
  A hornet (D:8)
  A centaur (D:9)
  4 killer bees (D:11)
  2 bushes (Lair:6)
  19 fungi
  9 plants (Lair:6)
37 creatures vanquished.

Grand Total: 670 creatures vanquished

Notes
Turn   | Place    | Note
-------+----------+-------------------------------------------
     0 | D:1      | Rrauwl the Halfling Fighter began the quest for the Orb.
     0 | D:1      | Reached XP level 1. HP: 15/15 MP: 1/1
    69 | D:1      | Reached XP level 2. HP: 20/20 MP: 2/2
   419 | D:1      | Reached XP level 3. HP: 24/25 MP: 3/3
  1486 | D:2      | Reached skill level 1 in Dodging
  1536 | D:2      | Reached XP level 4. HP: 28/30 MP: 4/4
  1875 | D:2      | Noticed Natasha
  1891 | D:2      | Killed Natasha
  1891 | D:2      | Reached XP level 5. HP: 15/36 MP: 5/5
  2121 | D:2      | Found a basalt altar of Yredelemnul.
  2296 | D:3      | Found a faded altar of an unknown god.
  2313 | D:3      | Became a worshipper of Nemelex Xobeh the Trickster
  2313 | D:3      | Received a gift from Nemelex Xobeh
  2313 | D:3      | Reached * piety under Nemelex Xobeh
  2313 | D:3      | Received a gift from Nemelex Xobeh
  2519 | D:3      | Noticed a two-headed ogre
  2530 | D:3      | Killed a two-headed ogre
  2530 | D:3      | Reached skill level 3 in Axes
  2530 | D:3      | Reached skill level 1 in Invocations
  2530 | D:3      | Reached XP level 6. HP: 5/43 MP: 5/7
  2530 | D:3      | Reached XP level 7. HP: 6/47 MP: 5/8
  2983 | D:3      | Noticed Isola's ghost (amateur TeGl)
  2990 | D:3      | Killed Isola's ghost
  3187 | D:3      | Reached ** piety under Nemelex Xobeh
  3467 | D:4      | Reached skill level 5 in Shields
  3640 | D:4      | Received a gift from Nemelex Xobeh
  3853 | D:4      | Found an iron altar of Okawaru.
  4129 | D:5      | Entered Level 5 of the Dungeon
  4244 | D:5      | Reached skill level 5 in Armour
  4244 | D:5      | Reached XP level 8. HP: 42/54 MP: 9/9
  4246 | D:5      | Reached skill level 1 in Evocations
  4360 | D:5      | Reached *** piety under Nemelex Xobeh
  4522 | D:5      | Found Iguts's Jewellery Emporium.
  4530 | D:5      | Bought a +3 amulet of reflection for 219 gold pieces
  4539 | D:5      | Reached skill level 4 in Axes
  5063 | D:6      | Noticed Grinder
  5071 | D:6      | Killed Grinder
  5086 | D:6      | Found a hazy altar of Hepliaklqana.
  5111 | D:6      | Found a staircase to the Ecumenical Temple.
  5120 | Temple   | Entered the Ecumenical Temple
  5121 | Temple   | Received a gift from Nemelex Xobeh
  5203 | D:6      | Gained mutation: You are somewhat resistant to both further mutation and mutation removal. [potion of mutation]
  5203 | D:6      | Gained mutation: You are clumsy. (Dex -2) [potion of mutation]
  5242 | D:6      | Noticed Blork the orc
  5244 | D:6      | Noticed Menkaure
  5247 | D:6      | Killed Blork the orc
  5250 | D:6      | Killed Menkaure
  5527 | D:6      | Reached XP level 9. HP: 49/58 MP: 11/11
  5715 | D:7      | Reached skill level 5 in Dodging
  5788 | D:7      | Noticed a hippogriff
  5793 | D:7      | Noticed a polar bear
  5793 | D:7      | a hippogriff changed into a polar bear
  5797 | D:7      | Killed a polar bear
  5797 | D:7      | Reached skill level 5 in Axes
  5939 | D:7      | Received a gift from Nemelex Xobeh
  6319 | D:7      | Noticed Pikel
  6329 | D:7      | Killed Pikel
  6436 | D:7      | Reached **** piety under Nemelex Xobeh
  6526 | D:7      | Reached skill level 6 in Axes
  6534 | D:7      | Found a snail-covered altar of Cheibriados.
  6890 | D:7      | Reached skill level 5 in Evocations
  7221 | D:8      | Noticed a skeletal warrior
  7234 | D:8      | Found a hide-covered altar of Uskayaw.
  7239 | D:8      | Killed a skeletal warrior
  7239 | D:8      | Reached skill level 7 in Axes
  7239 | D:8      | Reached XP level 10. HP: 63/63 MP: 12/14
  7242 | D:8      | Noticed a skeletal warrior
  7250 | D:8      | Killed a skeletal warrior
  7253 | D:8      | Noticed a skeletal warrior
  7253 | D:8      | Noticed a skeletal warrior
  7255 | D:8      | Killed a skeletal warrior
  7255 | D:8      | Reached skill level 8 in Axes
  7255 | D:8      | Reached skill level 5 in Invocations
  7257 | D:8      | Killed a skeletal warrior
  7260 | D:8      | Noticed a skeletal warrior
  7263 | D:8      | Killed a skeletal warrior
  7281 | D:8      | Found a hide-covered altar of Uskayaw.
  7300 | D:8      | Received a gift from Nemelex Xobeh
  7349 | D:8      | Noticed a two-headed ogre
  7353 | D:8      | Killed a two-headed ogre
  7353 | D:8      | Reached skill level 9 in Axes
  7388 | D:8      | Noticed Psyche
  7395 | D:8      | Killed Psyche
  7537 | D:8      | Noticed a two-headed ogre
  7543 | D:8      | Killed a two-headed ogre
  7543 | D:8      | Reached skill level 10 in Axes
  7543 | D:8      | Reached XP level 11. HP: 66/69 MP: 15/15
  7581 | D:8      | Found a shadowy altar of Dithmenos.
  7595 | D:8      | Lost mutation: You are clumsy. (Dex -2) [potion of mutation]
  7595 | D:8      | Gained mutation: You have a somewhat thin skeletal structure. (Dex +2, Stealth) [potion of mutation]
  7595 | D:8      | Gained mutation: Your flesh is heat resistant. (rF+) [potion of mutation]
  7638 | D:8      | Noticed a death yak
  7639 | D:8      | Noticed a death yak
  7642 | D:8      | Noticed a death yak
  7656 | D:8      | Killed a death yak
  7656 | D:8      | Reached skill level 11 in Axes
  7673 | D:8      | Killed a death yak
  7678 | D:8      | Killed a death yak
  7694 | D:8      | Found a staircase to the Lair.
  7704 | D:8      | Noticed a two-headed ogre
  7710 | D:8      | Killed a two-headed ogre
  7973 | D:8      | Found a sparkling altar of Nemelex Xobeh.
  8059 | D:8      | Reached skill level 12 in Axes
  8506 | D:9      | Found Osiameh's Assorted Antiques.
  8564 | D:9      | Bought a bubbling black potion for 18 gold pieces
  8564 | D:9      | Bought a scroll labeled LETIMY WECVI for 21 gold pieces
  8619 | D:9      | Found a runed door.
  8625 | D:9      | Noticed tilp's ghost (journeyman MiBe)
  8640 | D:9      | Killed tilp's ghost
  8648 | D:9      | Noticed an orange crystal statue
  8654 | D:9      | Found a runed door.
  8666 | D:9      | Found a runed door.
  8670 | D:9      | Killed an orange crystal statue
  8712 | D:9      | Found a runed door.
  8728 | D:9      | Received a gift from Nemelex Xobeh
  8795 | D:9      | Found an ornate altar of the Wu Jian Council.
  8972 | D:9      | Found an opulent altar of Gozag.
  9025 | D:9      | Noticed a moth of wrath
  9027 | D:9      | Found a bloodstained altar of Trog.
  9106 | D:9      | Reached skill level 13 in Axes
  9374 | D:10     | Entered Level 10 of the Dungeon
  9501 | D:10     | Noticed a two-headed ogre
  9509 | D:10     | Killed a two-headed ogre
  9509 | D:10     | Reached XP level 12. HP: 74/74 MP: 16/16
  9602 | D:10     | Got a jewelled flail
  9603 | D:10     | Identified the +9 flail "Toeret" {venom, +Fly rElec} (You found it on level 10 of the Dungeon)
  9666 | D:10     | Noticed Fannar
  9696 | D:10     | Killed Fannar
  9767 | D:10     | Noticed a two-headed ogre
  9780 | D:10     | Killed a two-headed ogre
  9798 | D:10     | Reached skill level 14 in Axes
 10381 | Lair:1   | Entered Level 1 of the Lair of Beasts
 10431 | Lair:1   | Received a gift from Nemelex Xobeh
 11056 | Lair:1   | Noticed a seven-headed hydra
 11073 | Lair:1   | Killed a seven-headed hydra
 11155 | Lair:1   | Reached skill level 15 in Axes
 11312 | Lair:1   | Noticed Erica
 11317 | Lair:1   | Killed Erica
 11384 | Lair:1   | You fall through a shaft!
 11470 | Lair:1   | Received a gift from Nemelex Xobeh
 11914 | Lair:2   | Received a gift from Nemelex Xobeh
 12289 | Lair:2   | Reached ***** piety under Nemelex Xobeh
 13016 | Lair:3   | Reached XP level 13. HP: 79/79 MP: 17/17
 13032 | Lair:3   | Received a gift from Nemelex Xobeh
 13193 | Lair:3   | Noticed a four-headed hydra
 13207 | Lair:3   | Killed a four-headed hydra
 13207 | Lair:3   | Reached skill level 16 in Axes
 13398 | Lair:3   | Noticed a seven-headed hydra
 13404 | Lair:3   | Killed a seven-headed hydra
 13562 | Lair:3   | Received a gift from Nemelex Xobeh
 14534 | Lair:4   | Reached skill level 5 in Fighting
 14938 | Lair:4   | Noticed a six-headed hydra
 14945 | Lair:4   | Killed a six-headed hydra
 15193 | Lair:4   | Received a gift from Nemelex Xobeh
 15242 | Lair:4   | Found a staircase to the Shoals.
 15292 | Lair:4   | Noticed Rupert
 15301 | Lair:4   | Killed Rupert
 15457 | Lair:4   | Received a gift from Nemelex Xobeh
 15711 | Lair:4   | Found a staircase to the Snake Pit.
 16477 | Lair:5   | Paralysed by a floating eye for 3 turns
 17022 | Lair:5   | Received a gift from Nemelex Xobeh
 17046 | Lair:5   | Reached XP level 14. HP: 90/90 MP: 18/18
 17155 | Lair:5   | Got a twitching amber ring
 17157 | Lair:5   | Identified the ring "Irghatu" {rCorr rF+ rC++ Int-5 SInv} (You found it on level 5 of the Lair of Beasts)
 17179 | Lair:5   | Found a staircase to the Slime Pits.
 17179 | Lair:5   | Found a viscous altar of Jiyva.
 17713 | Lair:6   | Entered Level 6 of the Lair of Beasts
 17758 | Lair:6   | Received a gift from Nemelex Xobeh
 17823 | Lair:6   | Reached ****** piety under Nemelex Xobeh
 18397 | Lair:6   | Noticed a spark wasp
 18397 | Lair:6   | an eight-headed hydra changed into a spark wasp
 18408 | Lair:6   | Killed a spark wasp
 18558 | Lair:6   | Received a gift from Nemelex Xobeh
 19095 | Lair:6   | Reached skill level 17 in Axes
 19339 | Lair:6   | Received a gift from Nemelex Xobeh
 19993 | Snake:1  | Entered Level 1 of the Snake Pit
 19999 | Snake:1  | Reached XP level 15. HP: 74/97 MP: 20/20
 20007 | Snake:1  | HP: 4/97 [black mamba (3)]
 20538 | D:11     | Received a gift from Nemelex Xobeh
 20617 | D:11     | Reached skill level 10 in Armour
 20954 | D:11     | Gained mutation: You are partially covered in rugged brown scales. (AC +1, +3% HP) [mutagenic meat]
 21267 | D:12     | Reached skill level 10 in Shields
 21343 | D:12     | Received a gift from Nemelex Xobeh
 21706 | D:12     | Found a staircase to the Orcish Mines.
 22269 | D:13     | Reached skill level 1 in Slings
 22284 | D:13     | Identified the Volume of Sand
 22300 | D:13     | Identified the Handbook of Dhcmrlchtdj
 22324 | D:13     | Identified the Catalogue of Axaxaxas mlö
 22477 | D:13     | Noticed valenzione's ghost (journeyman MiFi)
 22511 | D:13     | Killed valenzione's ghost
 22567 | D:13     | Noticed MirrMurr's ghost (legendary GrFi)
 22622 | D:13     | HP: 1/99 [MirrMurr's ghost (11)]
 22654 | D:13     | Slain by MirrMurr's ghost

Vault maps used:
D:1:      evilmike_arrival_hilbert_curve, serial_forest,
          infiniplex_forest_clump_large, infiniplex_forest_clump_medium,
          infiniplex_forest_clump_medium, infiniplex_forest_join,
          infiniplex_forest_corner_2, minmay_strange_pillars
D:2:      kennysheep_six_static_rooms, lemuel_doored_altar, first_bread,
          kennysheep_generic_room_11, uniq_natasha
D:3:      minmay_wonky_spiral, chequers_ecumenical_altar_island
D:4:      nicolae_overflow_hidden_temple, kennysheep_small_spiral
D:5:      serial_shops, shop, minmay_crossroads
D:6:      kennysheep_mini, minmay_temple_entry_poolview,
          kennysheep_generic_room_8, uniq_grinder, uniq_menkaure,
          uniq_blork_the_orc
D:7:      old_standard_altar, uniq_pikel
D:8:      grunt_dithmenos_smoke_and_mirrors, lemuel_round_altar,
          dpeg_lair_monsters, basic_altar, hangedman_pestilent_swarm,
          nemelex_xobeh_ov_fountains_minmay, uniq_psyche
D:9:      old_standard_altar, tgw_trog, grunt_gozag_statues, serial_shops, shop,
          minmay_statue_crystal_thing
D:10:     fountainhead, uniq_fannar
D:12:     hiddenorc1_lemuel
D:13:     grunt_vaults_entry_tiered, basic_altar, serial_shops, shop_fountains,
          bh_hangedman_babel_library
Temple:   cyrus_circular_temple
Lair:1:   serial_bayou_shore_a, uniq_erica
Lair:2:   lemuel_fruit_tree, grunt_megastairs_2, infiniplex_staircase_pool_2
Lair:3:   serial_bayou_shore_b
Lair:4:   kb_forest_paths, minmay_shoals_entry_lonely_mermaid, uniq_rupert
Lair:5:   slime_altar_1, minmay_lair_oklob_bushes, minmay_holes,
          wad_woods_river_01
Lair:6:   minmay_lair_end_enchanted_forest, serial_bayou, serial_bayou_pond_d,
          serial_bayou_pond_e, serial_bayou_pond_e, serial_bayou_ford_a,
          grunt_forest_small_clearing_treed
Snake:1:  st_stairs_11, grunt_ministairs_8, evilmike_ambush

Skill      XL: |  1  2  3  4  5  6  7  8  9 10 11 12 13 14 15 |
---------------+----------------------------------------------+-----
Dodging        | 1 2 3 4 5 7 |  7.0
Fighting       | 3 4 6 7 |  7.0
Shields        | 4 5 6 7 9 10 | 10.3
Armour         | 4 5 6 7 9 10 | 10.7
Axes           | 3 4 7 10 13 15 16 17 | 17.5
Invocations    | 1 2 3 4 6 7 9 |  9.0
Evocations     | 2 6 |  6.0
Slings         | 2 |  2.4

Action                   |  1- 3 |  4- 6 |  7- 9 | 10-12 | 13-15 || total
-------------------------+-------+-------+-------+-------+-------++-------
Melee: Hand axe          |   601 |   153 |    74 |       |       ||   828
       War axe           |     6 |       |   282 |   512 |   933 ||  1733
       Flail             |       |       |       |    14 |    27 ||    41
Invok: Triple Draw       |       |       |     1 |     2 |     2 ||     5
Evoke: Deck              |       |     1 |    11 |    34 |    70 ||   116
       Wand              |       |       |     6 |    16 |    19 ||    41
  Use: Scroll            |     3 |     1 |    13 |    10 |    18 ||    45
       Potion            |     2 |     2 |     5 |     6 |     6 ||    21
 Stab: Distracted        |       |       |     1 |     7 |     9 ||    17
       Petrifying        |       |       |       |     1 |       ||     1
  Eat: Chunk             |     4 |     4 |     7 |    14 |    18 ||    47
       Royal jelly       |       |       |     1 |     1 |     1 ||     3
       Bread ration      |       |       |     1 |       |       ||     1
       Fruit             |       |       |     2 |     4 |    10 ||    16
       Meat ration       |       |       |       |       |     2 ||     2
Armor: Scale mail        |    12 |       |       |       |       ||    12
       Chain mail        |    64 |    89 |   136 |    55 |    41 ||   385
       Plate armour      |       |       |       |    85 |   180 ||   265
Dodge: Dodged            |    54 |    58 |   124 |    90 |   207 ||   533
Block: Shield            |    76 |   100 |   221 |   289 |   470 ||  1156
       Reflection        |       |       |       |     6 |    17 ||    23
